 Dungeon Sprint DCSS version 0.21.0-3-g78d12a8 (webtiles) character file.

981 wojtek the Cleaver (level 7, -8/108 HPs)
             Began as a Minotaur Berserker on Jan 14, 2018.
             Was a High Priest of Trog.
             Mangled by a shadow (22 damage)
             ... in the Dungeon (Sprint III: "The Ten Rune Challenge").
             The game lasted 00:02:03 (624 turns).

wojtek the Cleaver (Minotaur Berserker)              Turns: 624, Time: 00:02:03

Health: -8/108     AC: -5    Str: 29    XL:     7   Next: 96%
Magic:  6/6        EV: 16    Int:  4    God:    Trog [*****.]
Gold:   25         SH:  0    Dex:  9    Spells: 6/6 levels left

rFire    . . .     SeeInvis .   a - +0 hand axe
rCold    . . .     Gourm    .   (no shield)
rNeg     . . .     Faith    .   b - +0 animal skin
rPois    .         Spirit   .   (helmet restricted)
rElec    .         Reflect  .   (no cloak)
rCorr    .         Harm     .   (no gloves)
MR       .....     NoTele   +   (no boots)
Stlth    ..........             (no amulet)
HPRegen  0.28/turn              (no ring)
MPRegen  0.10/turn              (no ring)

@: berserking, corroded, very quick
A: retaliatory headbutt, horns 2
a: Berserk, Trog's Hand, Brothers in Arms, Burn Spellbooks, Renounce Religion


You were in the Dungeon.
You worshipped Trog.
Trog was extremely pleased with you.
You were hungry.

You visited 1 branch You collected 25 gold pieces.

Inventory:

Hand Weapons
 a - a +0 hand axe (weapon)
Armour
 b - a +0 animal skin (worn)
Wands
 r - a wand of flame (14)
Scrolls
 i - a scroll of blinking
 l - 2 scrolls of immolation {unknown}
 m - 3 scrolls of identify
 n - a scroll of amnesia {unknown}
 p - a scroll of fog {unknown}
Potions
 d - 2 potions of curing
 e - 2 potions of heal wounds
 f - a potion of haste
 g - 2 potions of magic
 h - a potion of berserk rage
 k - 5 potions of mutation
 o - a potion of agility {unknown}
 q - a potion of flight {unknown}
Comestibles
 c - 4 rations
 j - 5 chunks of flesh


   Skills:
 + Level 10.0 Fighting
 * Level 13.2 Axes
 + Level 9.7 Armour
 + Level 8.9 Dodging


You had 6 spell levels left.
You didn't know any spells.

Dungeon Overview and Level Annotations

Branches:
Dungeon (1/1)

Altars:
Dithmenos
Elyvilon
Kikubaaqudgha
Okawaru
Ru
Sif Muna
Trog
Uskayaw
Vehumet
Wu Jian
Yredelemnul
Zin
The Shining One
Beogh


Innate Abilities, Weirdness & Mutations

You reflexively headbutt those who attack you in melee.
You have a pair of horns on your head.


Message History

* * * LOW HITPOINT WARNING * * *
A red film seems to cover your vision as you go berserk!
You feel yourself moving faster!
You feel mighty!
You are feeling hungry.
The jelly closely misses you.
The shadow slips into darkness.
The shadow flickers and vanishes!
Deactivating autopickup; reactivate with Ctrl-A.
You miss something. You hit the jelly.
Your hands burn!
* * * LOW HITPOINT WARNING * * *
The jelly misses you.
Unknown command.
You closely miss something. You slash the jelly!
Your hands burn!
* * * LOW HITPOINT WARNING * * *
Unknown command.
You hit something. You hit the jelly but do no damage. The acid corrodes you!
Your hands burn!
* * * LOW HITPOINT WARNING * * *
The shadow strikes at you from the darkness!
You die...

▓▓▓
##.############
####..#___#___#__#
#..#..#..)#__.#)_#
#..#..###'#)###'##
##'#..#....÷.....#
###...')⌠........#
###...#...######'#
##....#.⌠.# #.{@#
#.....#...# #..J#
.†....#'### #...#
#.....#.).# #..%+
##....#___# +...#
▓▓▓▓▓▓▓▓▓▓ ▓▓▓▓▓


You could see a jelly.

Vanquished Creatures
  A deep elf mage (D)
  A necrophage (D)
  A water elemental (D)
  A scorpion (D)
  A wizard (D)
  Jessica (D)
  A necromancer (D)
  3 humans (D)
  A kobold demonologist (D)
  An ooze (D)
  A rat (D)
13 creatures vanquished.

Vanquished Creatures (others)
  2 draconian scorchers (D)
  6 hellions (D)
  A yaktaur (D)
9 creatures vanquished.

Grand Total: 22 creatures vanquished

Notes
Turn   | Place    | Note
-------+----------+-------------------------------------------
     0 | D        | wojtek the Minotaur Berserker began the quest for the Orb.
     0 | D        | Reached XP level 1. HP: 19/19 MP: 0/0
    18 | D        | Reached skill level 4 in Axes
    42 | D        | Noticed Jessica
    46 | D        | Killed Jessica
    46 | D        | Reached ** piety under Trog
    46 | D        | Reached skill level 5 in Axes
    46 | D        | Reached XP level 2. HP: 19/28 MP: 1/1
    46 | D        | Reached XP level 3. HP: 24/35 MP: 2/2
    77 | D        | Killed a yaktaur
   125 | D        | Killed a hellion
   126 | D        | Killed a hellion
   127 | D        | Killed a hellion
   157 | D        | Noticed a scorpion
   164 | D        | Killed a scorpion
   164 | D        | Reached skill level 5 in Fighting
   164 | D        | Reached skill level 7 in Axes
   164 | D        | Reached skill level 5 in Armour
   164 | D        | Reached XP level 4. HP: 44/44 MP: 3/3
   165 | D        | Killed a hellion
   177 | D        | Killed a white draconian scorcher
   181 | D        | Killed a hellion
   229 | D        | Killed a white draconian scorcher
   273 | D        | Noticed a water elemental
   277 | D        | Killed a water elemental
   277 | D        | Reached skill level 8 in Axes
   277 | D        | Reached skill level 5 in Dodging
   277 | D        | Reached XP level 5. HP: 51/51 MP: 4/4
   314 | D        | Found a radiant altar of Vehumet.
   314 | D        | Found a deep blue altar of Sif Muna.
   314 | D        | Found an ancient bone altar of Kikubaaqudgha.
   317 | D        | Reached *** piety under Trog
   317 | D        | Reached skill level 9 in Axes
   331 | D        | Reached **** piety under Trog
   331 | D        | Reached ***** piety under Trog
   351 | D        | Killed a hellion
   380 | D        | Found a glowing silver altar of Zin.
   380 | D        | Found a glowing golden altar of the Shining One.
   380 | D        | Found a white marble altar of Elyvilon.
   381 | D        | Noticed a deep elf mage
   388 | D        | Killed a deep elf mage
   388 | D        | Reached skill level 12 in Axes
   388 | D        | Reached XP level 6. HP: 63/63 MP: 5/5
   388 | D        | Reached XP level 7. HP: 70/70 MP: 6/6
   436 | D        | Found a hide-covered altar of Uskayaw.
   436 | D        | Found a roughly hewn altar of Beogh.
   436 | D        | Found an iron altar of Okawaru.
   436 | D        | Found a bloodstained altar of Trog.
   436 | D        | Found an ornate altar of the Wu Jian Council.
   436 | D        | Noticed a human
   438 | D        | Noticed a human
   443 | D        | Killed a human
   455 | D        | Killed a human
   547 | D        | Found a basalt altar of Yredelemnul.
   547 | D        | Found a shadowy altar of Dithmenos.
   547 | D        | Found a sacrificial altar of Ru.
   551 | D        | Reached skill level 10 in Fighting
   551 | D        | Reached skill level 13 in Axes
   607 | D        | Noticed a shadow
   624 | D        | Mangled by a shadow

Skill      XL: |  1  2  3  4  5  6  7 |
---------------+----------------------+-----
Fighting       | 4 5 6 9 10 | 10.0
Axes           | 5 7 8 12 13 | 13.2
Armour         | 4 5 6 8 9 |  9.7
Dodging        | 3 4 5 7 8 |  8.9

Action                   |  1- 3 |  4- 6 |  7- 9 || total
-------------------------+-------+-------+-------++-------
Melee: Hand axe          |    14 |    16 |    34 ||    64
       Headbutt          |     2 |     2 |     2 ||     6
Invok: Berserk           |     1 |     3 |     3 ||     7
       Burn Spellbooks   |       |     1 |       ||     1
  Eat: Chunk             |       |     1 |     4 ||     5
Armor: Animal skin       |     2 |       |       ||     2
Dodge: Dodged            |    10 |     2 |    13 ||    25
